 Dungeon Crawl Stone Soup version 0.32-a0-931-g5a2cda0630 (webtiles) character file.

Game seed: 4175536137165407603

3562 Meejax the Carver (level 9, -3/69 HPs)
             Began as a Demonspawn Gladiator on Apr 13, 2024.
             Was a Follower of Dithmenos.
             Killed from afar by an orc wizard (11 damage)
             ... with a puff of flame
             ... on level 7 of the Dungeon.
             The game lasted 00:13:30 (6427 turns).

Meejax the Carver (Demonspawn Gladiator)            Turns: 6427, Time: 00:13:30

Health: -3/69      AC:  7    Str: 16    XL:     9   Next: 83%
Magic:  9/9        EV: 14    Int:  8    God:    Dithmenos [*.....]
Gold:   659        SH:  0    Dex: 20    Spells: 8/8 levels left

rFire   . . .        a - +1 long sword
rCold   + . .        (no shield)
rNeg    . . .        b - +0 leather armour
rPois   .            (helmet restricted)
rElec   .            (no cloak)
rCorr   .            z - +0 pair of gloves
SInv    .            j - +1 pair of boots
Will    .....        y - amulet of regeneration
Stlth   ++++         q - ring of flight
HPRegen 1.11/turn    (no ring)
MPRegen 0.11/turn

%: no passive effects
@: flying, wreathed by umbra
A: horns 1, foul stench 1, demonic touch 1, foul shadow 1, agile 1, cold
resistance 1, MP-powered wands, noise suppression
a: Renounce Religion


You were on level 7 of the Dungeon.
You worshipped Dithmenos.
Dithmenos was aware of your devotion.
You visited 2 branches of the dungeon, and saw 9 of its levels.
You also visited: Ossuary.

You collected 659 gold pieces.

Inventory:

Hand Weapons
 a - a +1 long sword (weapon)
 w - a +0 falchion of electrocution
Missiles
 d - a throwing net (quivered)
 e - a javelin
Armour
 b - a +0 leather armour (worn)
 c - a +0 helmet
 i - a +2 helmet
 j - a +1 pair of boots (worn)
 z - a +0 pair of gloves (worn)
Jewellery
 l - a ring of fire
 q - a ring of flight (left hand)
 y - an amulet of regeneration (around neck)
Wands
 k - a wand of warping (17)
 m - a wand of paralysis (21)
 t - a wand of flame (5)
Scrolls
 f - a scroll of identify
 g - 2 scrolls of enchant weapon
 p - a scroll of fear
 u - 7 scrolls of amnesia
 v - a scroll of enchant armour
 x - a scroll of vulnerability
 A - a scroll of blinking
Potions
 h - 3 potions of curing
 n - 2 potions of enlightenment
 o - 2 potions of haste
 r - a potion of attraction
 s - 3 potions of lignification


   Skills:
 + Level 6.1 Fighting
 + Level 9.2 Long Blades
 + Level 2.0 Throwing
 + Level 4.5 Armour
 + Level 5.5 Dodging
 + Level 4.0 Stealth


You had 8 spell levels left.
You didn't know any spells.
Your spell library was empty.

Dungeon Overview and Level Annotations

Branches:
Dungeon (8/15)             Temple (1/1) D:6         Ossuary (visited)
   Lair: D:8-11

Altars:
Ashenzari
Cheibriados
Dithmenos
Fedhas
Gozag
Hepliaklqana
Kikubaaqudgha
Makhleb
Nemelex Xobeh
Okawaru
Qazlal
Ru
Sif Muna
Trog
Uskayaw
Vehumet
Wu Jian
Xom
Yredelemnul


Innate Abilities, Weirdness & Mutations

You have a pair of small horns on your head.
You may rarely emit foul miasma when damaged in melee.
Your touch may inflict minor irresistible damage on your foes.
You are faintly shadowed, very rarely releasing foul flame when damaged in melee.
You are agile. (Dex +4, Str/Int -1)
Your flesh is cold resistant. (rC+)
You expend magic power (3 MP) to strengthen your wands.
You passively dampen the noise of your surroundings.


Message History

You touch the orc warrior!
The orc warrior is heavily wounded.
The orc warrior hits you with a +0 hand axe!
The orc warrior is seared by the foul flame within you!
The orc warrior is almost dead.
The orc barely misses you.
You closely miss the orc warrior.
The orc warrior is almost dead.
The orc warrior hits you with a +0 hand axe!
Something hits you but does no damage. Something hits you.
You are electrocuted!
The orc hits you from afar with a +0 trident.
You barely miss the orc warrior.
The orc warrior is almost dead.
The orc warrior hits you with a +0 hand axe.
Something hits you but does no damage. Something barely misses you.
The orc barely misses you.
You barely miss the orc warrior.
You headbutt the orc warrior, but do no damage.
The orc warrior is almost dead.
The orc warrior hits you with a +0 hand axe!
* * * LOW HITPOINT WARNING * * *
You hear some strange, mumbled words.
A puff of flame appears from out of thin air!
The puff of flame hits you!
* * * LOW HITPOINT WARNING * * *
Something hits you but does no damage. The orc hits you but does no damage.
An orc warrior opens the door.
The orc attacks as it pursues you!
The orc hits you from afar with a +0 trident.
* * * LOW HITPOINT WARNING * * *
You hear some strange, mumbled words.
A puff of flame appears from out of thin air!
The puff of flame hits you!
* * * LOW HITPOINT WARNING * * *
There is an open door here.
You reach down and close the door.
Something unseen breaks down the door.
A puff of flame appears from out of thin air!
The puff of flame hits you!
You die...

#.........# ....
#.........# ....
#.........# ....
#.........# ....
#.........# ...
#.........#
#.........#
###.........#
.......@....#
............#
............#
....#+#{##.## ...
#####.#o##.# #%#
#..o##.# #.#
###.##.# #.#
########.##.# #.#
.........##.#####.#


You could see an orc warrior and an orc.

Vanquished Creatures
  Maurice (D:7)
  A gargoyle (D:7)
  A komodo dragon (D:6)
  A slime creature (D:7)
  A wraith (D:7)
  An acid dragon (D:5)
  A water moccasin (D:5)
  4 ice beasts
  A black bear (D:5)
  An orc warrior (D:7)
  An ogre (D:5)
  2 phantoms
  4 bullfrogs
  Blork the orc (D:6)
  8 wights
  2 hounds
  2 bombardier beetles
  2 orc priests (D:7)
  A jelly (D:6)
  A gnoll bouda (D:6)
  3 orc wizards
  8 mummies (Ossuary)
  Robin (D:3)
  7 adders
  5 gnolls (D:6)
  A shadow imp (D:6)
  A white imp (D:6)
  3 ribbon worms
  22 orcs
  7 ball pythons
  6 bats
  5 endoplasms
  2 giant cockroaches
  6 hobgoblins
  6 jackals (D:2)
  4 quokkas
  2 frilled lizards
  18 goblins
  A goblin zombie (D:4)
  6 hobgoblin zombies (Ossuary)
  A kobold (D:1)
  2 kobold zombies (Ossuary)
  A quokka zombie (D:4)
  2 rats (D:3)
157 creatures vanquished.

Notes
Turn   | Place    | Note
-------+----------+-------------------------------------------
     0 | D:1      | Meejax the Demonspawn Gladiator began the quest for the
                  | Orb.
     0 | D:1      | Reached XP level 1. HP: 16/16 MP: 1/1
   197 | D:1      | Discovered your monstrous ancestry.
   197 | D:1      | Gained mutation: Your touch may inflict minor irresistible
                  | damage on your foes. [demonic ancestry]
   197 | D:1      | Reached XP level 2. HP: 22/22 MP: 2/2
   209 | D:1      | Reached skill level 3 in Long Blades
   941 | D:2      | Reached XP level 3. HP: 14/27 MP: 3/3
  1106 | D:2      | Reached skill level 1 in Armour
  1558 | D:3      | Reached XP level 4. HP: 33/33 MP: 4/4
  1582 | D:3      | Noticed Robin
  1607 | D:3      | Killed Robin
  2316 | D:4      | Found a sparkling altar of Nemelex Xobeh.
  2451 | D:4      | Found a sand-covered staircase.
  2471 | Ossuary  | Entered an ossuary
  2492 | Ossuary  | Reached skill level 4 in Long Blades
  2492 | Ossuary  | Reached XP level 5. HP: 39/39 MP: 5/5
  2499 | Ossuary  | Reached skill level 1 in Stealth
  3102 | D:4      | Identified the +2 robe "Saunibedd" {Int+6 Dex-5 Stlth+}
  3332 | D:5      | Entered Level 5 of the Dungeon
  3351 | D:5      | Gained mutation: You are faintly shadowed, very rarely
                  | releasing foul flame when damaged in melee. [demonic
                  | ancestry]
  3351 | D:5      | Reached XP level 6. HP: 34/46 MP: 6/6
  3751 | D:5      | Reached skill level 5 in Long Blades
  3759 | D:5      | Gained mutation: You may rarely emit foul miasma when
                  | damaged in melee. [demonic ancestry]
  3759 | D:5      | Reached XP level 7. HP: 25/52 MP: 7/7
  4152 | D:5      | Gained mutation: Your system is resistant to poisons.
                  | (rPois) [potion of mutation]
  4153 | D:5      | Lost mutation: Your system is resistant to poisons. (rPois)
                  | [potion of mutation]
  4153 | D:5      | Gained mutation: You are agile. (Dex +4, Str/Int -1)
                  | [potion of mutation]
  4153 | D:5      | Gained mutation: You expend magic power (3 MP) to
                  | strengthen your wands. [potion of mutation]
  4153 | D:5      | Gained mutation: Your flesh is cold resistant. (rC+)
                  | [potion of mutation]
  4153 | D:5      | Gained mutation: You passively dampen the noise of your
                  | surroundings. [potion of mutation]
  4188 | D:5      | Reached skill level 6 in Long Blades
  4320 | D:6      | Found a staircase to the Ecumenical Temple.
  4331 | Temple   | Entered the Ecumenical Temple
  4401 | Temple   | Became a worshipper of Dithmenos the Shadowed
  4468 | D:6      | Reached XP level 8. HP: 29/60 MP: 8/8
  4573 | D:6      | Noticed Blork the orc
  4579 | D:6      | Killed Blork the orc
  4786 | D:6      | Reached skill level 7 in Long Blades
  4838 | D:6      | Noticed a komodo dragon
  4853 | D:6      | Killed a komodo dragon
  5204 | D:7      | Reached skill level 5 in Fighting
  5281 | D:7      | Noticed Maurice
  5286 | D:7      | Maurice stole an amulet of regeneration
  5292 | D:7      | Something stole a javelin
  5293 | D:7      | Something stole 246 gold
  5294 | D:7      | Something stole 262 gold
  5309 | D:7      | Something stole 98 gold
  5331 | D:7      | Killed Maurice
  5332 | D:7      | Gained mutation: You have a pair of small horns on your
                  | head. [demonic ancestry]
  5332 | D:7      | Reached XP level 9. HP: 27/68 MP: 0/9
  5851 | D:8      | Reached skill level 8 in Long Blades
  5851 | D:8      | Reached skill level 5 in Dodging
  5865 | D:7      | Reached * piety under Dithmenos
  6174 | D:7      | Noticed a gargoyle
  6181 | D:7      | Killed a gargoyle
  6332 | D:7      | Reached skill level 9 in Long Blades
  6427 | D:7      | Killed from afar by an orc wizard

Illustrated notes

Levels and vault maps discovered:
D:1:      dpeg_arrival_three_same_balls, layout_basic
D:2:      layout_basic
D:3:      layout_basic, uniq_robin
D:4:      layout_loops_ring, nemelex_xobeh_ov_fountains_minmay, enter_ossuary_4
D:5:      layout_basic
D:6:      hangedman_cross_stitches, layout_rooms, serial_glass, glass_columns_a,
          glass_columns_c, uniq_blork_the_orc
D:7:      minmay_cornered_nines, layout_basic, uniq_maurice
D:8:      layout_gridville
Temple:   nicolae_temple_the_god_donut

Skill      XL: |  1  2  3  4  5  6  7  8  9 |
---------------+----------------------------+-----
Long Blades    | 3 4 5 6 7 9 |  9.2
Dodging        | 3 4 5 |  5.5
Armour         | 1 2 3 4 |  4.5
Stealth        | 1 2 3 4 |  4.0
Fighting       | 3 5 6 |  6.1
Throwing       | 2 |  2.0

Action                     |  1- 3 |  4- 6 |  7- 9 || total
---------------------------+-------+-------+-------++-------
  Melee: Long sword        |    91 |   141 |   233 ||   465
         Touch             |    13 |    34 |    42 ||    89
         Headbutt          |       |       |    24 ||    24
  Throw: Throwing net      |     1 |     1 |     1 ||     3
    Use: Scroll            |     2 |     2 |     7 ||    11
         Potion            |       |     6 |     9 ||    15
   Stab: Sleeping          |     2 |     3 |     6 ||    11
         Invisible         |       |    10 |       ||    10
         Held in net/web   |       |     1 |       ||     1
 Armour: Leather armour    |    62 |   110 |   168 ||   340
  Dodge: Dodged            |    75 |   127 |   172 ||   374

Table legend: (Time is in decaauts)
 A = Elapsed time spent in this place.
 B = Non-inter-level travel time spent in this place.
 C = Inter-level travel time spent in this place.
 D = Time resting spent in this place.
 E = Time spent auto-exploring this place.
 F = Levels seen in this place.
 G = Mean time per level.
                   A        B        C        D        E       F      G
               +--------+--------+--------+--------+--------+-----+--------+
         Total |   6476 |   6146 |    330 |    736 |   3837 |  10 |  647.6 |
       Dungeon |   5913 |   5606 |    307 |    503 |   3702 |   8 |  739.1 |
        Temple |     93 |     70 |     23 |      0 |     19 |   1 |   93.0 |
       Ossuary |    469 |    469 |      0 |    233 |    116 |   1 |  469.0 |
               +--------+--------+--------+--------+--------+-----+--------+

Top non-repeatable levels by time:
     D:5: 978 daAuts
     D:7: 926 daAuts
     D:3: 800 daAuts
     D:6: 789 daAuts
     D:1: 755 daAuts
     D:2: 731 daAuts
     D:4: 602 daAuts
 Ossuary: 469 daAuts
     D:8: 328 daAuts
  Temple: 93 daAuts
